cohdb
Replays
Latest Replays
All Replays
Popular Replays
Top Player Replays
Match Explorer
How It Works
Community
CoH3 Stats
Reddit
Sign in to upload your games and track your stats! →
Sign in with Steam
Match 46248207
Unlisted
Match 46248207
Overview
Messages
Build Orders
End
Construct Section Command Post
Royal Engineer Section
Dingo Light Scout Car
Vickers Machine Gun Team
Infantry Section
Construct Platoon Command Post
Selects Heavy Armor Battlegroup
Selects Rigorous Vehicle Training
Unlock M3 Stuart Light Tanks
Selects Light Vehicle Withdraw and Refit
M3 Stuart Light Tank
6-pounder Anti-tank Gun Team
M3 Stuart Light Tank
Royal Engineer Section
Selects Radio Net
Radio Net
M3 Stuart Light Tank
Selects Designate Targets
Selects Forward Repair Assembly
Selects Designate Targets
March7th~ttv
Brother
0
0
Comments
sign in to comment!
No comments posted yet!